 Dungeon Crawl Stone Soup version 0.18-a0-1778-gadce9fa (webtiles) character file.

30 penismuncher the Digger (level 3, 0/24 HPs)
             Began as a Human Wanderer on Apr 16, 2016.
             Was an Initiate of Ashenzari.
             Slain by a goblin
             ... wielding a +0 club
              (6 damage)
             ... on level 2 of the Dungeon.
             The game lasted 00:01:03 (935 turns).

penismuncher the Digger (Human Wanderer)             Turns: 935, Time: 00:01:04

Health: 0/24       AC:  4    Str: 12    XL:     3   Next: 35%
Magic:  4/4        EV:  8    Int: 16    God:    Ashenzari [......]
Gold:   31         SH:  8    Dex:  9    Spells: 1 memorised, 3 levels left

rFire  . . .     SeeInvis .     d - +0 spear
rCold  . . .     Gourm    .     h - +0 robe (curse)
rNeg   . . .     Faith    .     m - +2 shield
rPois  .         Spirit   .     (no helmet)
rElec  .         Dismiss  .     (no cloak)
rCorr  .         Reflect  .     (no gloves)
SustAt .         Harm     .     l - +1 pair of boots
MR     .....                    (no amulet)
Stlth  ++........               (no ring)
                                (no ring)

@: not resistant to hostile enchantments, unstealthy
A: no striking features
a: Curse Item, Renounce Religion


You were on level 2 of the Dungeon.
You worshipped Ashenzari.
Ashenzari was noncommittal.
You were not hungry.

You visited 1 branch of the dungeon, and saw 2 of its levels.

You collected 31 gold pieces.

Inventory:

Hand Weapons
 d - a +0 spear (weapon)
Armour
 h - a cursed +0 robe (worn)
 l - a +1 pair of boots (worn)
 m - a +2 shield (worn)
Scrolls
 e - 2 scrolls of remove curse
Potions
 b - a potion of heal wounds
 i - a potion of might {unknown}
 j - a potion of agility {unknown}
Books
 c - the Handbook of Confrontation

   Spells                             Type                      Level
   a - Magic Dart                     Conjuration                  1
   b - Dazzling Spray                 Conjuration/Hexes            3
Comestibles
 f - a bread ration
 g - a royal jelly


   Skills:
 * Level 2.9 Polearms
 - Level 2.0 Throwing
 - Level 2.0 Stealth
 * Level 0.4 Shields
 - Level 1.0 Spellcasting
 - Level 1.0 Conjurations
   Level 3.0 Earth Magic


You had 3 spell levels left.
You knew the following spells:

 Your Spells              Type           Power        Failure   Level  Hunger
a - Magic Dart            Conj           #...         91%         1    ##.....


Dungeon Overview and Level Annotations

Branches:
Dungeon (2/15)

Altars:
Ashenzari


Message History

You closely miss the goblin. The goblin closely misses you.
You closely miss the goblin. You block the goblin's attack.
You closely miss the goblin. The goblin closely misses you.
You barely miss the goblin. The goblin hits you with a club.
* * * LOW HITPOINT WARNING * * *
You are too injured to fight recklessly!
You are too injured to fight recklessly!
You are too injured to fight recklessly!
You hit the goblin.
The goblin is heavily wounded.
The goblin hits you but does no damage.
You barely miss the goblin.
The goblin is heavily wounded.
The goblin completely misses you.
You closely miss the goblin.
The goblin is heavily wounded.
You closely miss the goblin.
The goblin is heavily wounded.
The goblin hits you with a club.
You die...

### #<#
#@# #g#
#........
#........
#.....>..
#........
#........
.........
####....#


You could see a goblin.

Vanquished Creatures
  A worm (D:2)
  2 dart slugs (D:1)
  2 giant cockroaches (D:1)
  5 goblins (D:1)
  A hobgoblin (D:1)
  3 kobolds (D:1)
  2 bats (D:1)
  2 giant newts (D:1)
  5 rats
23 creatures vanquished.

Notes
Turn   | Place    | Note
--------------------------------------------------------------
     0 | D:1      | penismuncher the Human Wanderer began the quest for the Orb.
     0 | D:1      | penismuncher set off with: a +2 dagger, a potion of heal wounds, the Handbook of Confrontation, a +0 spear, a +0 robe, a bread ration
     0 | D:1      | Reached XP level 1. HP: 13/13 MP: 2/2
    31 | D:1      | Identified the Handbook of Confrontation
    40 | D:1      | Learned a level 1 spell: Magic Dart
   226 | D:1      | Reached XP level 2. HP: 13/19 MP: 3/3
   618 | D:1      | Found a shattered altar of Ashenzari.
   697 | D:1      | Reached XP level 3. HP: 24/24 MP: 4/4
   703 | D:1      | Became a worshipper of Ashenzari the Shackled
   935 | D:2      | Slain by a goblin

Vault maps used:
D:1:      minmay_arrival_open_corners, evilmike_ruin_ashenzari
D:2:      lemuel_coloured_pillars_altar, grunt_temple_overflow_open,
          minmay_item_behind_shaft, uniq_jessica

Skill      XL: |  1  2 |
---------------+-------+-----
Polearms       | 2 |  2.9
Throwing       | |  2.0
Stealth        | |  2.0
Shields        | |  0.4
Spellcasting   | |  1.0
Conjurations   | |  1.0
Earth Magic    | |  3.0

Action                   || total
-------------------------++-------
Melee: Dagger            ||    48
       Spear             ||    25
 Stab: Sleeping          ||     2
Armor: Robe              ||     8
Dodge: Dodged            ||    39
Block: Shield            ||     6
